Map: Orbital Shipyard

Players

wabbajack - Winner!

  • Race: Zerg Zerg
  • League: Gold

Pierrotgrign

  • Race: Protoss Protoss
  • League: Silver

VOD

Have the link to the VOD?

Description

Time

  • Played on: July 20, 2015, 4:57 p.m.
  • Length: 13:55
Show
View Real Time Build Order
Export as new Build Order

wabbajack Zerg - Winner!

Build Orders: Hatch First, Lurkers 

Get SALT Encoding   

  12  0:01  Drone  
  13  0:17  Overlord  
  13  0:21  Drone  
  14  0:23  Extractor  
  14  0:25  Drone  
  15  0:36  Drone  
  15  0:39  Drone  
  17  0:54  Hatchery  
  17  0:56  Extractor  
  15  0:59  Drone  
  15  1:02  Drone  
  17  1:18  Spawning Pool  
  16  1:30  Drone  
  16  1:31  Drone  
  18  1:46  Drone  
  19  1:47  Overlord  
  19  1:54  Drone  
  20  2:05  Queen  
  20  2:08  Metabolic Boost  
  22  2:10  Queen  
  22  2:15  Extractor  
  23  2:16  Drone  
  23  2:19  Zergling x2  
  25  2:36  Drone  
  25  2:37  Drone x3  
  29  2:45  Pneumatized Carapace  
  29  2:51  Drone  
  29  2:55  Drone x3  
  33  2:58  Overlord  
  33  3:07  Overlord  
  32  3:33  Zergling x10  
  38  3:34  Zergling x6  
  38  3:40  Overlord  
  40  3:47  Zergling x6  
  43  3:49  Zergling x2  
  43  3:53  Zergling x8  
  48  4:09  Roach Warren  
  36  5:11  Zergling x8  
  36  5:12  Zergling x2  
  36  5:13  Zergling x6  
  45  5:14  Zergling x8  
  48  5:25  Drone  
  48  5:26  Hatchery, Drone x3  
  51  5:31  Hatchery  
  51  5:32  Lair  
  50  5:38  Evolution Chamber  
  50  5:40  Evolution Chamber  
  43  6:09  Overlord x2  
  43  6:10  Drone  
  43  6:11  Drone x9  
  53  6:14  Queen  
  54  6:21  Spore Crawler  
  54  6:22  Spore Crawler  
  43  7:10  Queen  
  43  7:11  Spore Crawler  
  43  7:13  Zerg Missile Weapons Level 1, Zerg Ground Armor Level 1  
  42  7:17  Glial Reconstitution  
  42  7:19  Hydralisk Den  
  41  7:27  Overlord  
  41  7:28  Overlord  
  41  7:30  Extractor  
  41  7:31  Extractor  
  41  7:32  Drone x5  
  41  7:33  Drone x6  
  41  7:34  Drone x5  
  55  7:56  Spire, Muscular Augments  
  54  7:59  Burrow  
  54  8:02  Drone x3, Extractor  
  54  8:03  Extractor  
  54  8:04  Drone x3  
  58  8:07  Drone  
  58  8:08  Drone x2  
  58  8:11  Overlord x2  
  61  8:23  Hydralisk x4, Roach x2  
  61  8:24  Roach x2  
  77  8:34  Infestation Pit  
  77  8:37  Hatchery  
  75  8:47  Overlord x2  
  75  8:56  Lurker Den  
  75  9:08  Zerg Ground Armor Level 2, Zerg Missile Weapons Level 2  
  75  9:30  Drone x2  
  75  9:31  Drone x4  
  81  9:43  Overlord x4  
  81  9:44  Hydralisk  
  81  9:45  Hydralisk x5, Roach x4  
  95  9:46  Roach x3  
  95  9:50  Spore Crawler  
  95  9:52  Overseer  
  106  9:59  Queen  
  108  10:02  Drone x2  
  110  10:13  Extractor  
  110  10:14  Drone x3  
  111  10:15  Drone x3  
  111  10:18  Extractor  
  111  10:19  Drone x2  
  111  10:20  Drone x6  
  111  10:21  Drone x4  
  126  10:35  Hive  
  126  10:56  Spine Crawler x2  
  124  10:57  Spine Crawler  
  124  10:59  Drone x3  
  124  11:00  Drone x2  
  124  11:01  Overlord x2, Spore Crawler  
  127  11:08  Hydralisk x4, Roach x2  
  127  11:09  Roach x4  
  147  11:30  Spine Crawler  
  147  11:32  Spine Crawler  
  145  11:34  Spore Crawler  
  144  11:52  Lurker x4  
  144  11:53  Lurker x6  
  154  11:55  Overlord x2  
  154  11:56  Overlord x2  
  154  11:57  Hydralisk x4  
  154  11:58  Hydralisk x2  
  166  12:14  Spine Crawler  
  165  12:15  Spine Crawler  
  165  12:20  Greater Spire  
  158  13:08  Overlord x2  
  158  13:13  Corruptor x5  
  158  13:14  Corruptor x7  
  158  13:15  Corruptor x4  
  190  13:20  Hatchery  
  190  13:26  Hatchery  
  188  13:32  Hatchery  
Show
View Real Time Build Order
Export as new Build Order

Pierrotgrign Protoss 

Build Orders: 1 Gate Expand, Forge Fast Expand (FFE) 

Get SALT Encoding   

  12  0:02  Probe  
  13  0:14  Probe  
  14  0:26  Pylon  
  14  0:44  Probe  
  14  0:47  Gateway  
  15  0:54  Forge  
  15  0:58  Probe (Chrono Boost)  
  16  1:08  Probe (Chrono Boost)  
  17  1:15  Probe (Chrono Boost)  
  19  1:26  Probe (Chrono Boost)  
  20  1:32  Probe (Chrono Boost)  
  20  1:43  Nexus  
  20  1:44  Probe (Chrono Boost)  
  21  1:58  Probe (Chrono Boost), Photon Cannon  
  22  2:15  Cybernetics Core  
  22  2:18  Pylon  
  22  2:27  Assimilator  
  22  2:33  Assimilator  
  23  2:37  Probe (Chrono Boost)  
  23  2:38  Zealot  
  25  2:46  Probe (Chrono Boost)  
  26  2:55  Probe (Chrono Boost)  
  27  2:59  Pylon  
  27  3:06  Pylon  
  27  3:07  Gateway  
  27  3:09  Probe (Chrono Boost)  
  27  3:12  Stalker  
  30  3:15  Probe (Chrono Boost)  
  31  3:25  Probe (Chrono Boost), Assimilator  
  33  3:27  Probe (Chrono Boost)  
  33  3:32  Probe  
  34  3:35  Probe, Warp Gate (Chrono Boost)  
  35  3:52  Probe  
  35  3:53  Probe  
  35  3:54  Stargate  
  37  4:04  Probe  
  37  4:05  Probe  
  39  4:16  Probe  
  40  4:17  Probe, Zealot  
  40  4:18  Zealot  
  45  4:28  Probe  
  45  4:29  Probe  
  47  4:34  Stargate  
  47  4:40  Probe, Robotics Facility  
  47  4:41  Probe  
  47  4:44  Assimilator  
  43  4:52  Probe  
  36  4:54  Void Ray  
  20  5:28  Zealot x2  
  24  5:37  Probe  
  25  5:49  Probe (Chrono Boost)  
  25  6:01  Probe (Chrono Boost)  
  27  6:13  Mothership Core (Chrono Boost)  
  21  6:28  Zealot  
  21  6:29  Zealot  
  25  6:33  Probe (Chrono Boost)  
  14  7:04  Probe (Chrono Boost)  
  15  7:45  Probe  
  16  8:19  Probe (Chrono Boost)  
  17  8:40  Probe  
  18  8:58  Probe (Chrono Boost)  
  19  9:12  Probe (Chrono Boost)  
  20  9:23  Probe  
  21  9:35  Probe (Chrono Boost)  
  22  9:44  Void Ray  
  22  9:45  Probe (Chrono Boost)  
  23  9:52  Probe (Chrono Boost)  
  24  10:02  Probe (Chrono Boost)  
  25  10:07  Pylon  
  25  10:10  Probe (Chrono Boost)  
  26  10:20  Probe (Chrono Boost)  
  27  10:27  Probe (Chrono Boost)  
  28  10:38  Probe (Chrono Boost)  
  29  10:45  Probe (Chrono Boost)  
  30  10:55  Probe (Chrono Boost)  
  31  11:02  Probe (Chrono Boost)  
  32  11:13  Probe (Chrono Boost)  
  33  11:19  Probe (Chrono Boost)  
  33  11:24  Void Ray  
  38  11:31  Probe (Chrono Boost)  
  39  11:42  Void Ray  
  43  11:49  Observer  
  44  12:21  Nexus  
  44  12:23  Probe (Chrono Boost)  
  44  12:34  Probe (Chrono Boost)  
  35  13:26  Pylon  
  35  13:32  Probe  
  35  13:33  Observer (Chrono Boost)  
Tags
 
Add a new tag
Caveats
  • Supply blocks, unpowered buildings, or Contaminate may cause inaccurate times.
  • Supply counts are checked every 10 seconds.